 Dungeon Crawl Stone Soup version 0.31-a0-1424-g2add1c7226 (webtiles) character file.

Game seed: 15909589167180830443

10684 jlumianski the Grappler (level 11, -15/68 (84) HPs)
             Began as a Gnoll Shapeshifter on Dec 27, 2023.
             Was a Follower of Wu Jian.
             Demolished by rageheart7's ghost (31 damage)
             ... on level 10 of the Dungeon.
             The game lasted 00:48:02 (8969 turns).

jlumianski the Grappler (Gnoll Shapeshifter)        Turns: 8969, Time: 00:48:02

HP:   -15/68 (84)   AC: 14    Str: 17    XL:     11   Next: 66%
MP:   21/21         EV: 14    Int: 10    God:    Wu Jian [*.....]
Gold: 496           SH:  0    Dex: 12    Spells: 19/23 levels left

rFire   . . .        O - +1 quarterstaff (spect)
rCold   . . .        (shield currently unavailable)
rNeg    . . .        E - +5 leather armour of the Tsukumogami {Will+}
rPois   .            (helmet currently unavailable)
rElec   .            (cloak currently unavailable)
rCorr   .            (gloves currently unavailable)
SInv    .            (boots currently unavailable)
Will    +....        B - amulet of regeneration
Stlth   +++          a - +4 ring of protection
HPRegen 1.11/turn    L - +4 ring of slaying
MPRegen 0.17/turn

%: no passive effects
@: beast-form, studying Shields, heavily drained
A: beast (slay +4), fangs 1, strong nose, distributed training, iridescent
scales 1
a: Begin Untransformation, Renounce Religion


You were on level 10 of the Dungeon.
You worshipped Wu Jian.
Wu Jian was aware of your devotion.
You were a hulking beast.
You visited 2 branches of the dungeon, and saw 13 of its levels.

You collected 652 gold pieces.
You spent 156 gold pieces at shops.

Inventory:

Hand Weapons
 k - a +3 scimitar of flaming
 N - a +0 arbalest
 O - a +1 spectral quarterstaff (weapon)
Missiles
 C - 6 boomerangs
 P - 9 javelins
 Y - 7 poisoned darts (quivered)
Armour
 g - +0 acid dragon scales
 p - a +1 helmet
 w - a +0 troll leather armour
 E - the +5 leather armour of the Tsukumogami (worn) {Will+}
   (You found it on level 4 of the Dungeon)

   Will+:     It increases your willpower.
Jewellery
 a - a +4 ring of protection (left hand)
 b - a +6 ring of intelligence
 n - a ring of fire
 r - the amulet "Ciweocsu" {Spirit Rampage *Slow rCorr}
   (You found it on level 10 of the Dungeon)

   [amulet of guardian spirit]

   Spirit:    It causes incoming damage to be divided between your reserves of
   health and magic.
   rCorr:     It protects you from acid and corrosion.
   *Slow:     It may slow you when you take damage.
   Rampage:   It bestows one free step when moving towards enemies.
 B - an amulet of regeneration (around neck)
 H - a ring of protection from cold
 I - a ring of protection from cold
 L - a +4 ring of slaying (right hand)
 Q - an amulet of reflection
 X - a ring of fire
Talismans
 c - a beast talisman
 d - a flux talisman
 v - a maw talisman
Wands
 f - a wand of mindburst (5)
Scrolls
 e - 4 scrolls of revelation
 h - a scroll of teleportation
 i - a scroll of fog
 j - 2 scrolls of amnesia
 t - a scroll of fear
 u - a scroll of immolation
 D - a scroll of noise
 G - 2 scrolls of poison
 K - 2 scrolls of blinking
 S - 2 scrolls of silence
Potions
 l - 4 potions of degeneration
 m - 2 potions of attraction
 o - 4 potions of magic
 q - a potion of brilliance
 s - 2 potions of invisibility
 x - 5 potions of curing
 z - a potion of cancellation {unknown}
 M - 2 potions of heal wounds
 R - a potion of haste {unknown}
 T - a potion of enlightenment {unknown}


   Skills:
 + Level 7.3 Fighting
 + Level 6.7 Short Blades
 + Level 6.7 Long Blades
 + Level 6.7 Axes
 + Level 6.7 Maces & Flails
 + Level 6.7 Polearms
 + Level 6.7 Staves
 + Level 6.7 Ranged Weapons
 + Level 6.7 Throwing
 + Level 6.7 Armour
 + Level 8.2 Dodging
 + Level 6.7 Stealth
 + Level 7.6 Shields
 + Level 9.5 Unarmed Combat
 + Level 6.7 Spellcasting
 + Level 5.6 Conjurations
 + Level 5.6 Hexes
 + Level 5.6 Summonings
 + Level 5.6 Necromancy
 + Level 5.6 Translocations
 + Level 5.6 Fire Magic
 + Level 5.6 Ice Magic
 + Level 5.6 Air Magic
 + Level 5.6 Earth Magic
 + Level 5.6 Alchemy
 + Level 7.4 Invocations
 + Level 6.7 Evocations
 + Level 9.1 Shapeshifting


You had 19 spell levels left.
You knew the following spells:

 Your Spells              Type           Power      Damage    Failure   Level
a - Necrotise             Necr           56%        1d6       2%          1
b - Frozen Ramparts       Ice            28%        1d5       7%          3

Your spell library contained the following spells:

 Spells                   Type           Power      Damage    Failure   Level
 Apportation              Tloc           28%        N/A       2%          1
 Freeze                   Ice            56%        1d7       2%          1
 Sting                    Conj/Alch      56%        1d6       2%          1
 Summon Small Mammal      Summ           56%        N/A       2%          1
 Sublimation of Blood     Necr           14%        N/A       3%          2
 Hailstorm                Conj/Ice       14%        3d6       7%          3
 Leda's Liquefaction      Alch/Erth      7%         N/A       22%         4
 Petrify                  Alch/Erth      14%        N/A       22%         4
 Alistair's Intoxication  Alch           9%         N/A       54%         5
 Borgnjor's Vile Clutch   Necr/Erth      7%         N/A       54%         5
 Irradiate                Conj/Alch      7%         3d14      54%         5
 Metabolic Englaciation   Hex/Ice        7%         N/A       54%         5
 Eringya's Noxious Bog    Alch           7%         4d6       98%         6


Dungeon Overview and Level Annotations

Branches:
Dungeon (12/15)            Temple (1/1) D:7            Lair (0/5) D:8
    Orc: D:9-12

Altars:
Ashenzari
Cheibriados
Dithmenos
Elyvilon
Fedhas
Gozag
Hepliaklqana
Kikubaaqudgha
Makhleb
Nemelex Xobeh
Okawaru
Qazlal
Ru
Sif Muna
Trog
Uskayaw
Vehumet
Wu Jian
Xom
Yredelemnul
Zin
The Shining One

Shops:
D:4 *   D:6 (

Annotations:
D:6 Prince Ribbit
D:10 2 transporters, pigah's ghost, journeyman OpSh; rageheart7's ghost, novice TrMo


Innate Abilities, Weirdness & Mutations

You are a hulking beast.
Your limbs bulge with bestial killing power. (Slay +4)
You have very sharp teeth.
Your uncanny sense of smell can sniff out nearby items.
Your experience applies equally to all skills.
You are partially covered in iridescent scales. (AC +2)


Message History

The centaur warrior simulacrum kicks you but does no damage.
The spectral wolf spider completely misses you.
The spectral wolf spider bites you but does no damage.
The spectral centaur warrior hits you!
You feel drained.
The spectral centaur warrior closely misses you.
The spectral centaur warrior hits you but does no damage.
The spectral centaur warrior barely misses you.
There is a stone staircase leading down, spattered with blood here.
The centaur warrior simulacrum misses you.
The centaur warrior simulacrum kicks you but does no damage.
The spectral wolf spider hits you!
You feel drained. The spectral wolf spider bites you.
The spectral centaur warrior hits you but does no damage.
The spectral centaur warrior kicks you but does no damage.
The spectral centaur warrior hits you!
You feel drained.
The spectral centaur warrior kicks you but does no damage.
Rageheart7's ghost hits you but does no damage.
You climb downwards.
Level annotation: 2 transporters, pigah's ghost, journeyman OpSh
There is a stone staircase leading up here.
You sock rageheart7's ghost! Your bite misses rageheart7's ghost.
Rageheart7's ghost is lightly damaged.
Your +1 spectral quarterstaff hits rageheart7's ghost.
Rageheart7's ghost hits you!
* * * LOW HITPOINT WARNING * * *
You closely miss rageheart7's ghost.
Rageheart7's ghost is lightly damaged.
Your +1 spectral quarterstaff closely misses rageheart7's ghost.
Rageheart7's ghost hits you but does no damage.
Aiming: Mindburst
Press: ? - help, Shift-Dir - straight line, f - rageheart7's ghost
Aim: rageheart7's ghost (lightly damaged, chance to affect: 50%) Rageheart7's ghost's mind is blasted!!!
Your +1 spectral quarterstaff disappears.
Rageheart7's ghost closely misses you.
You sock rageheart7's ghost!
Rageheart7's ghost is heavily damaged.
Your +1 spectral quarterstaff hits rageheart7's ghost!
Rageheart7's ghost hits you!!
You die...

#.............# #.............#
#..######.....# ### #..# #.....#
#.####..# #.....#############
#.......# #.................##
........# #...................
........# #.).................
..#####.######..hW........#######
..#...#........[(.........#.....#
..#...#...............#####.....'
..'...+.....).........'........##
..#...#...............#........#.
..#####...............#........#.
......................#........#.
..............####....#........##
...##+######..# ###..#.........#


You could see rageheart7's ghost and a friendly +1 spectral quarterstaff.

Vanquished Creatures
  A two-headed ogre (D:8)
  The ghost of mdonais the Fighter, a novice OnWr of Okawaru (D:7)
  A sixfirhy (D:8)
  A deep elf pyromancer (D:9)
  The ghost of ksail the Chopper, a novice MiFi of Okawaru (D:5)
  A kobold demonologist (D:10)
  An unseen horror (D:10)
  A rime drake (D:7)
  An efreet (D:9)
  3 trolls
  A wyvern (D:10)
  12 yaks
  4 vampire mosquitoes (D:10)
  2 steam dragons
  An acid dragon (D:9)
  9 ice beasts
  An orc warrior (D:8)
  3 sky beasts
  3 wolves
  An ogre (D:5)
  4 centaurs (D:10)
  2 phantoms
  A kobold brigand (D:8)
  3 bullfrogs
  A gnoll sergeant (D:7)
  3 scorpions (D:5)
  5 wights (D:10)
  3 killer bees (D:5)
  A howler monkey (D:9)
  A bombardier beetle (D:6)
  2 hounds (D:6)
  4 orc priests
  Jessica (D:1)
  A gnoll bouda (D:6)
  Terence (D:1)
  6 iguanas
  6 orc wizards
  A centaur simulacrum (D:9)
  Robin (D:1)
  14 gnolls
  4 adders
  7 white imps
  2 ufetubi (D:7)
  2 worms (D:2)
  A dart slug (D:4)
  21 orcs
  9 ball pythons
  3 bats
  8 endoplasms
  3 giant cockroaches
  19 goblins
  8 hobgoblins
  8 jackals
  9 kobolds
  4 quokkas
  3 frilled lizards
  4 rats
225 creatures vanquished.

Notes
Turn   | Place    | Note
-------+----------+-------------------------------------------
     0 | D:1      | jlumianski the Gnoll Shapeshifter began the quest for the
                  | Orb.
     0 | D:1      | Reached XP level 1. HP: 17/17 MP: 1/1
   115 | D:1      | Reached XP level 2. HP: 20/23 MP: 2/2
   191 | D:2      | Noticed Jessica
   219 | D:1      | Killed Jessica
   220 | D:1      | Reached skill level 1 in Invocations
   220 | D:1      | Reached XP level 3. HP: 28/28 MP: 2/4
   252 | D:2      | Reached skill level 1 in Short Blades
   252 | D:2      | Reached skill level 1 in Long Blades
   252 | D:2      | Reached skill level 1 in Axes
   252 | D:2      | Reached skill level 1 in Maces & Flails
   252 | D:2      | Reached skill level 1 in Polearms
   252 | D:2      | Reached skill level 1 in Staves
   252 | D:2      | Reached skill level 1 in Ranged Weapons
   252 | D:2      | Reached skill level 1 in Throwing
   252 | D:2      | Reached skill level 1 in Armour
   252 | D:2      | Reached skill level 1 in Stealth
   252 | D:2      | Reached skill level 1 in Shields
   252 | D:2      | Reached skill level 1 in Spellcasting
   252 | D:2      | Reached skill level 1 in Evocations
   455 | D:1      | Reached XP level 4. HP: 34/34 MP: 5/5
   582 | D:2      | Noticed Robin
   651 | D:1      | Killed Robin
   652 | D:1      | Reached skill level 1 in Conjurations
   652 | D:1      | Reached skill level 1 in Hexes
   652 | D:1      | Reached skill level 1 in Summonings
   652 | D:1      | Reached skill level 1 in Necromancy
   652 | D:1      | Reached skill level 1 in Translocations
   652 | D:1      | Reached skill level 1 in Fire Magic
   652 | D:1      | Reached skill level 1 in Ice Magic
   652 | D:1      | Reached skill level 1 in Air Magic
   652 | D:1      | Reached skill level 1 in Earth Magic
   652 | D:1      | Reached skill level 1 in Alchemy
   925 | D:2      | Found a faded altar of an unknown god.
  1139 | D:2      | Noticed Terence
  1148 | D:2      | Reached XP level 5. HP: 34/40 MP: 5/7
  1190 | D:1      | Killed Terence
  1615 | D:3      | Identified the +3 leather armour "Iklekimm" {SInv}
  2021 | D:4      | Reached XP level 6. HP: 47/47 MP: 8/8
  2284 | D:4      | Identified the +5 leather armour of the Tsukumogami {Will+}
  2386 | D:3      | Gained mutation: You are partially covered in iridescent
                  | scales. (AC +2) [potion of mutation]
  2398 | D:3      | Reached skill level 5 in Dodging
  2697 | D:5      | Entered Level 5 of the Dungeon
  2744 | D:4      | Found an opulent altar of Gozag.
  2746 | D:4      | Found Gozag's Platinum Reserve.
  3114 | D:5      | Found a sacrificial altar of Ru.
  3194 | D:5      | Reached XP level 7. HP: 32/52 MP: 10/10
  3338 | D:4      | Learned a level 1 spell: Necrotise
  3346 | D:5      | Found a basalt altar of Yredelemnul.
  3572 | D:5      | Found a runed translucent door.
  3572 | D:5      | Noticed a steam dragon
  3572 | D:5      | Noticed ksail's ghost (novice MiFi)
  3787 | D:5      | Reached XP level 8. HP: 56/60 MP: 10/12
  4076 | D:6      | Found Ipov's Weapon Shoppe.
  4084 | D:6      | Bought a +0 spectral quarterstaff for 156 gold pieces
  4175 | D:7      | Noticed mdonais's ghost (novice OnWr)
  4403 | D:6      | Noticed Prince Ribbit
  4437 | D:7      | Found a staircase to the Ecumenical Temple.
  4588 | Temple   | Entered the Ecumenical Temple
  5009 | D:5      | Killed ksail's ghost
  5010 | D:5      | Reached XP level 9. HP: 26/67 MP: 13/15
  5013 | D:5      | Reached skill level 5 in Fighting
  5065 | D:5      | Identified the staff of the Two Names {*Corrode rC+ Int+3
                  | Dex+5 Ice}
  5656 | D:7      | Found a runed translucent gate.
  5656 | D:7      | Found a runed translucent gate.
  5656 | D:7      | Found a runed translucent gate.
  6057 | D:7      | Killed mdonais's ghost
  6058 | D:7      | Reached skill level 5 in Invocations
  6193 | D:8      | Noticed a two-headed ogre
  6213 | D:8      | Noticed a rime drake
  6243 | D:7      | Reached skill level 5 in Short Blades
  6243 | D:7      | Reached skill level 5 in Long Blades
  6243 | D:7      | Reached skill level 5 in Axes
  6243 | D:7      | Reached skill level 5 in Maces & Flails
  6243 | D:7      | Reached skill level 5 in Polearms
  6243 | D:7      | Reached skill level 5 in Staves
  6243 | D:7      | Reached skill level 5 in Ranged Weapons
  6243 | D:7      | Reached skill level 5 in Throwing
  6243 | D:7      | Reached skill level 5 in Armour
  6243 | D:7      | Reached skill level 5 in Stealth
  6243 | D:7      | Reached skill level 5 in Shields
  6243 | D:7      | Reached skill level 5 in Spellcasting
  6243 | D:7      | Reached skill level 5 in Evocations
  6243 | D:7      | Reached XP level 10. HP: 28/76 MP: 17/17
  6336 | D:8      | Killed a two-headed ogre
  6445 | D:8      | Found a runed translucent door.
  6446 | D:8      | Found a burning altar of Makhleb.
  6446 | D:8      | Noticed a sixfirhy
  6461 | D:8      | Killed a sixfirhy
  6539 | D:8      | Found a staircase to the Lair.
  6698 | D:8      | Learned a level 3 spell: Frozen Ramparts
  6779 | D:8      | Found a sparkling altar of Nemelex Xobeh.
  6832 | D:9      | Found a shadowy altar of Dithmenos.
  6977 | D:9      | Found a runed translucent gate.
  7102 | D:9      | Found a bloodstained altar of Trog.
  7107 | D:9      | Found a glowing golden altar of the Shining One.
  7137 | D:9      | Found a glowing silver altar of Zin.
  7140 | D:9      | Found an ornate altar of the Wu Jian Council.
  7144 | D:9      | Became a worshipper of the Wu Jian Council
  7172 | D:9      | Reached skill level 5 in Conjurations
  7172 | D:9      | Reached skill level 5 in Hexes
  7172 | D:9      | Reached skill level 5 in Summonings
  7172 | D:9      | Reached skill level 5 in Necromancy
  7172 | D:9      | Reached skill level 5 in Translocations
  7172 | D:9      | Reached skill level 5 in Fire Magic
  7172 | D:9      | Reached skill level 5 in Ice Magic
  7172 | D:9      | Reached skill level 5 in Air Magic
  7172 | D:9      | Reached skill level 5 in Earth Magic
  7172 | D:9      | Reached skill level 5 in Alchemy
  7172 | D:9      | Reached XP level 11. HP: 50/83 MP: 18/20
  7174 | D:9      | Noticed a deep elf pyromancer
  7178 | D:9      | Killed a deep elf pyromancer
  7454 | D:10     | Entered Level 10 of the Dungeon
  7658 | D:10     | Identified the amulet "Ciweocsu" {Spirit Rampage *Slow
                  | rCorr}
  7774 | D:10     | Found a transporter.
  7778 | D:10     | Found a transporter.
  7779 | D:10     | Noticed pigah's ghost (journeyman OpSh)
  7967 | D:10     | Reached * piety under Wu Jian
  8375 | D:9      | Found a runed translucent gate.
  8375 | D:9      | Found a runed translucent gate.
  8507 | D:9      | Noticed rageheart7's ghost (novice TrMo)
  8874 | D:12     | Noticed a cyclops
  8887 | D:11     | Noticed a two-headed ogre
  8888 | D:11     | Noticed a boulder beetle
  8969 | D:10     | Demolished by rageheart7's ghost

Illustrated notes

Levels and vault maps discovered:
D:1:      dpeg_arrival_rooms_c, layout_rooms
D:2:      layout_loops_cross, basic_ecumenical_altar,
          kennysheep_decorative_pillar, lightli_corner_chamber, uniq_robin,
          uniq_terence, uniq_jessica
D:3:      layout_rooms
D:4:      layout_loops_cross, nicolae_gozag_zags_fifth_avenue
D:5:      layout_loops_ring, mainiacjoe_overflow_surrounded_room,
          hangedman_ru_absence, ebering_ghost_inner_flame, nrook_loot_triangle
D:6:      layout_loops_cross, serial_shops, shop, uniq_prince_ribbit1
D:7:      layout_basic, minmay_temple_entry_junction, gammafunk_ghost_icy
D:8:      layout_cave_pools, mainiacjoe_overflow_six_doors_small,
          nzn_makhleb_speed_demon, hellmonk_lair_entry_icy,
          hangedman_decor_riveting
D:9:      layout_gridville, mainiacjoe_overflow_chevrons,
          grunt_temple_overflow_cloverleaf, gammafunk_ghost_necromancy,
          kb_rosetta
D:10:     layout_irregular_city, gammafunk_ghost_hive, small_statue_alley_a
D:11:     layout_roguey, ploomutoo_gammafunk_ghost_potion_laboratory,
          serial_shops, nicolae_shop_window_shopping, corner_web_ring
D:12:     nicolae_cairo_tiling_very_big, layout_cave_pools, hiddenorc2_lemuel,
          ebering_ghost_disaster_area, special_room [special_room_orc],
          xom_teletrap_fun, uniq_jorgrun, uniq_rupert
Temple:   minmay_temple_bridge_abc

Skill      XL: |  1  2  3  4  5  6  7  8  9 10 11 |
---------------+----------------------------------+-----
Invocations    | 1 2 3 4 5 6 7 |  7.4
Short Blades   | 1 2 3 4 5 6 |  6.7
Long Blades    | 1 2 3 4 5 6 |  6.7
Axes           | 1 2 3 4 5 6 |  6.7
Maces & Flails | 1 2 3 4 5 6 |  6.7
Polearms       | 1 2 3 4 5 6 |  6.7
Staves         | 1 2 3 4 5 6 |  6.7
Ranged Weapons | 1 2 3 4 5 6 |  6.7
Throwing       | 1 2 3 4 5 6 |  6.7
Armour         | 1 2 3 4 5 6 |  6.7
Stealth        | 1 2 3 4 5 6 |  6.7
Shields        | 1 2 3 4 5 6 7 |  7.6
Spellcasting   | 1 2 3 4 5 6 |  6.7
Evocations     | 1 2 3 4 5 6 |  6.7
Conjurations   | 1 2 3 4 5 |  5.6
Hexes          | 1 2 3 4 5 |  5.6
Summonings     | 1 2 3 4 5 |  5.6
Necromancy     | 1 2 3 4 5 |  5.6
Translocations | 1 2 3 4 5 |  5.6
Fire Magic     | 1 2 3 4 5 |  5.6
Ice Magic      | 1 2 3 4 5 |  5.6
Air Magic      | 1 2 3 4 5 |  5.6
Earth Magic    | 1 2 3 4 5 |  5.6
Alchemy        | 1 2 3 4 5 |  5.6
Fighting       | 3 4 5 6 7 |  7.3
Dodging        | 5 6 7 8 |  8.2
Unarmed Combat | 7 8 9 |  9.5
Shapeshifting  | 7 8 9 |  9.1

Action                     |  1- 3 |  4- 6 |  7- 9 | 10-12 || total
---------------------------+-------+-------+-------+-------++-------
  Melee: Unarmed           |    54 |   190 |    30 |       ||   274
         Punch             |     2 |     5 |     2 |       ||     9
         Bite              |     1 |    15 |    14 |    25 ||    55
         Quarterstaff      |       |       |   139 |   176 ||   315
  Throw: Javelin           |       |       |       |     4 ||     4
   Cast: Necrotise         |       |       |    12 |       ||    12
         Frozen Ramparts   |       |       |       |     1 ||     1
Ability: Lunge             |       |       |       |     5 ||     5
         Whirlwind         |       |       |       |     5 ||     5
  Evoke: Wand              |       |       |       |     1 ||     1
    Use: Scroll            |       |     4 |     7 |     7 ||    18
         Potion            |       |     4 |     1 |       ||     5
   Stab: Sleeping          |       |     2 |     2 |     2 ||     6
         Distracted        |       |       |     1 |     1 ||     2
 Armour: Animal skin       |     3 |       |       |       ||     3
         Ring mail         |    29 |       |       |       ||    29
         Scale mail        |       |    61 |       |       ||    61
         Chain mail        |       |    36 |       |       ||    36
         Leather armour    |       |    29 |   168 |   243 ||   440
         Skin              |       |     2 |       |       ||     2
  Dodge: Dodged            |    30 |   126 |   142 |   199 ||   497

Table legend: (Time is in decaauts)
 A = Elapsed time spent in this place.
 B = Non-inter-level travel time spent in this place.
 C = Inter-level travel time spent in this place.
 D = Time resting spent in this place.
 E = Time spent auto-exploring this place.
 F = Levels seen in this place.
 G = Mean time per level.
                   A        B        C        D        E       F      G
               +--------+--------+--------+--------+--------+-----+--------+
         Total |   8997 |   8624 |    373 |    806 |   4109 |  13 |  692.1 |
       Dungeon |   8925 |   8552 |    373 |    806 |   4109 |  12 |  743.8 |
        Temple |     71 |     71 |      0 |      0 |      0 |   1 |   71.0 |
               +--------+--------+--------+--------+--------+-----+--------+

Top non-repeatable levels by time:
     D:7: 1096 daAuts
    D:10: 1078 daAuts
     D:4: 983 daAuts
     D:1: 971 daAuts
     D:5: 935 daAuts
     D:6: 914 daAuts
     D:9: 909 daAuts
     D:2: 847 daAuts
     D:8: 644 daAuts
     D:3: 427 daAuts
    D:11: 115 daAuts
  Temple: 71 daAuts
    D:12: 1 daAuts
